 Dungeon Crawl Stone Soup version 0.31-a0-705-ga145531891 (webtiles) character file.

Game seed: 505914248176807874

9963 Xavori the Covert (level 11, -5/72 HPs)
             Began as an Octopode Chaos Knight on Sept 10, 2023.
             Was a Plaything of Xom.
             Slain by Snorg (8 damage)
             ... on level 10 of the Dungeon.
             The game lasted 00:11:06 (11730 turns).

Xavori the Covert (Octopode Chaos Knight)          Turns: 11730, Time: 00:11:07

Health: -5/72      AC: 10    Str: 14      XL:     11   Next: 54%
Magic:  11/11      EV: 14    Int: 19 (21) God:    Xom [..*...]
Gold:   552        SH:  4    Dex: 13      Spells: 8/10 levels left

rFire   . . .        h - +3 quick blade of Xinynn {venom, Will+}
rCold   x . .        H - +0 buckler
rNeg    . . .        (helmet currently unavailable)
rPois   .            K - amulet of the acrobat
rElec   .            v - +4 ring of protection
rCorr   .            (no ring)
SInv    .            (no ring)
Will    ++...        (no ring)
Stlth   ++++++       (no ring)
HPRegen 0.32/turn    (no ring)
MPRegen 0.12/turn    (no ring)
                     (no ring)

%: acrobat
@: lethally poisoned (-5 -> -9), beast-form
A: beast (slay +3), almost no armour, amphibious, 8 rings, camouflage 1,
gelatinous body 1, (nimble swimmer 1), tentacles, iridescent scales 2, clever 2,
strong-willed 1, sense surroundings 1, shaggy fur 1, strong 1, evolution 1, cold
vulnerability 1, MP-powered wands
a: Begin Untransformation, Renounce Religion


You were on level 10 of the Dungeon.
You worshipped Xom.
You were a toy of Xom.
You were a hulking beast.
You visited 1 branch of the dungeon, and saw 10 of its levels.

You collected 552 gold pieces.

Inventory:

Hand Weapons
 h - the +3 quick blade of Xinynn (weapon) {venom, Will+}
   (You acquired it on level 7 of the Dungeon)

   Will+:     It increases your willpower.
Missiles
 M - a throwing net
Armour
 H - a +0 buckler (worn)
Jewellery
 p - an amulet of magic regeneration
 v - a +4 ring of protection (left tentacle)
 G - a ring of ice
 K - an amulet of the acrobat (around mantle)
 L - a ring of magical power
Talismans
 x - a beast talisman (active)
Wands
 u - a wand of polymorph (10)
 y - a wand of flame (8)
 D - a wand of paralysis (17)
 E - a wand of quicksilver (9)
Scrolls
 a - a scroll of silence {unknown}
 b - a scroll of butterflies
 d - a scroll of enchant weapon {unknown}
 g - a scroll of vulnerability {unknown}
 j - 3 scrolls of revelation
 k - 2 scrolls of torment
 l - 2 scrolls of teleportation {unknown}
 q - 3 scrolls of blinking
 r - a scroll of fear
 s - 2 scrolls of poison
 t - a scroll of fog {unknown}
 z - 2 scrolls of amnesia {unknown}
 B - a scroll of summoning
 I - a scroll of identify
Potions
 c - 2 potions of might
 e - a potion of ambrosia {unknown}
 f - a potion of heal wounds {unknown}
 i - 2 potions of brilliance
 m - a potion of invisibility
 o - 2 potions of curing {unknown}
 w - 2 potions of enlightenment {unknown}
 A - a potion of mutation {unknown}
 C - a potion of degeneration
 F - 2 potions of attraction
Miscellaneous
 n - a phantom mirror


   Skills:
 + Level 6.0 Fighting
 + Level 8.3 Short Blades
 + Level 6.0 Dodging
 + Level 11.3 Stealth
 + Level 0.3 Shields
 * Level 4.6 Transmutations
 * Level 5.4 Earth Magic
 * Level 7.1 Evocations
 * Level 5.6 Shapeshifting


You had 8 spell levels left.
You knew the following spells:

 Your Spells              Type           Power      Damage    Failure   Level
a - Passwall              Tmut/Erth      15%        N/A       5%          2

Your spell library contained the following spells:

 Spells                   Type           Power      Damage    Failure   Level
 Apportation              Tloc           0%         N/A       28%         1
 Summon Small Mammal      Summ           0%         N/A       28%         1
 Ensorcelled Hibernation  Hex/Ice        0%         N/A       38%         2
 Jinxbite                 Hex            0%         N/A       38%         2
 Call Canine Familiar     Summ           0%         N/A       63%         3
 Hailstorm                Conj/Ice       0%         3d3       63%         3
 Summon Guardian Golem    Hex/Summ       0%         N/A       63%         3
 Swiftness                Air            0%         N/A       63%         3
 Summon Ice Beast         Ice/Summ       0%         N/A       95%         4
 Alistair's Intoxication  Tmut/Pois      5%         N/A       96%         5
 Simulacrum               Ice/Necr       0%         N/A       100%        6
 Orb of Destruction       Conj           0%         9d5       100%        7
 Spellforged Servitor     Conj/Summ      0%         N/A       100%        7


Dungeon Overview and Level Annotations

Branches:
Dungeon (10/15)            Temple (0/1) D:5
   Lair: D:8-11         Orc: D:9-12

Altars:
Kikubaaqudgha
Trog
Wu Jian
Xom

Shops:
D:8 (

Annotations:
D:10 Snorg


Innate Abilities, Weirdness & Mutations

You are a hulking beast.
Your limbs bulge with bestial killing power. (Slay +3)
You cannot wear most types of armour.
You are amphibious.
You can wear up to eight rings at the same time.
Your skin changes colour to match your surroundings (Stealth+).
Your rubbery body absorbs attacks. (AC +1, EV +1)
((You are camouflaged when in or above water. (Stealth+)))
You have tentacles for arms and can constrict up to eight enemies at once.
You are mostly covered in iridescent scales. (AC +4)
Your mind is very acute. (Int +8, Str/Dex -2)
You are strong-willed. (Will+)
You passively map a small area around you.
You are covered in fur. (AC +1)
Your muscles are strong. (Str +4, Int/Dex -1)
You have hidden genetic potential.
You are vulnerable to cold. (rC-)
You expend magic power (3 MP) to strengthen your wands.


Message History

You block the troll's attack.
The kobold brigand throws a poisoned dart.
The poisoned dart hits you!
You are more poisoned.
You puncture Snorg! Your squeeze misses Snorg. You completely miss Snorg.
You squeeze Snorg!
Snorg is lightly wounded.
You feel very sick. The troll bites you but does no damage.
The troll claws you. You block the troll's attack. Snorg bites you!
Snorg claws you. Snorg misses you.
You barely miss Snorg. Your squeeze misses Snorg. You puncture Snorg!
Snorg is poisoned.
You squeeze Snorg!
Snorg is moderately wounded.
You feel sick. You block the troll's attack. The troll closely misses you.
The troll claws you but does no damage. Snorg bites you but does no damage.
Snorg claws you! Snorg barely misses you.
Unknown command.
You puncture Snorg! You hit Snorg.
Snorg looks as sick as possible!
Your squeeze misses Snorg.
Snorg is heavily wounded.
You feel sick. The troll bites you but does no damage.
The troll claws you but does no damage. The troll misses you.
Snorg barely misses you. Snorg claws you but does no damage. Snorg claws you!
Unknown command.
You hit Snorg.
Snorg looks as sick as possible!
You barely miss Snorg.
Snorg is heavily wounded.
You feel sick. The troll barely misses you. The troll claws you.
* * * LOW HITPOINT WARNING * * *
The troll claws you but does no damage.
Unknown command.
You puncture Snorg! You closely miss Snorg. Your squeeze misses Snorg.
Snorg is severely wounded.
You feel sick. Snorg bites you!
* * * LOW HITPOINT WARNING * * *
Snorg claws you.
* * * LOW HITPOINT WARNING * * *
Snorg claws you!
You die...
Xom laughs nastily!

.#....#######.†.............###
.#..........'...............#
.#..........'.#.#####.
.#..........#.#... *
.#..........#.#..#.., **
.######'#...#.#..#,## .# ..
........#####.##.#,. *
.##.##### ...............#T##..
..#......
..###'#........#h.#..., #.
...### ..#...#..#####.##T##...
#.##..#.. ..#...#..# *
#KD##...#.T#..#.. ..#...+..#
,,##..###D...#..#.. ..#####..#
, ##†..####.#.[#.. .... ...#* *
###......#..'.. ..... ...., , ,
####......#.. ..... ....
..#####..#.. , .........#..


You could see Snorg (extremely poisoned), a troll, an acid dragon and a kobold
brigand (poisoned).

Vanquished Creatures
  Fannar (D:10)
  The ghost of Stellion the Thaumaturge, a novice DECj of Vehumet (D:8)
  A cyclops (D:9)
  A moth of wrath (D:5)
  Joseph (D:10)
  A komodo dragon (D:10)
  A troll (D:9)
  A dream sheep (shapeshifter) (D:6)
  4 water elementals (D:10)
  A vampire (D:8)
  A shadow (D:9)
  A wyvern (D:10)
  8 yaks
  Grum (D:8)
  2 steam dragons (D:7)
  An acid dragon (D:8)
  3 water moccasins
  2 ice beasts
  2 sky beasts (D:7)
  3 black bears (D:5)
  2 wolves (D:8)
  3 ogres
  A phantom (D:4)
  2 kobold brigands (D:9)
  Blork the orc (D:5)
  6 bullfrogs
  2 gnoll sergeants
  A scorpion (D:10)
  15 wights
  7 killer bees
  5 howler monkeys
  A jelly (D:6)
  A gnoll bouda (D:9)
  Crazy Yiuf (D:2)
  4 orc priests
  3 hounds
  A sleepcap (D:7)
  An iguana (D:4)
  6 orc wizards
  Robin (D:2)
  18 gnolls
  12 adders
  A shadow imp (D:6)
  2 white imps (D:8)
  An ufetubus (D:7)
  4 worms
  4 dart slugs
  22 orcs
  9 ball pythons
  7 endoplasms
  A giant cockroach (D:1)
  13 goblins
  6 hobgoblins
  7 jackals
  4 quokkas
  8 bats
  3 frilled lizards
  8 kobolds
  7 rats
238 creatures vanquished.

Vanquished Creatures (collateral kills)
  Sigmund (D:2)
  A wight (D:9)
  A worm (D:2)
  A bat (D:2)
4 creatures vanquished.

Vanquished Creatures (others)
  An orc wizard (D:6)
1 creature vanquished.

Grand Total: 243 creatures vanquished

Notes
Turn   | Place    | Note
-------+----------+-------------------------------------------
     0 | D:1      | Xavori the Octopode Chaos Knight began the quest for the
                  | Orb.
     0 | D:1      | Reached XP level 1. HP: 16/16 MP: 1/1
   251 | D:1      | Reached XP level 2. HP: 18/21 MP: 2/2
   315 | D:1      | XOM: butterfly on damage
   533 | D:1      | Reached XP level 3. HP: 26/26 MP: 3/3
   630 | D:1      | XOM: 2-stop teleportation journey
   717 | D:1      | XOM: divination: magic mapping
   724 | D:1      | Reached skill level 1 in Stealth
   886 | D:1      | XOM: god gift: 23 gold pieces
  1404 | D:1      | XOM: god gift: emerald potion {god gift}
  1454 | D:1      | XOM: give mutations
  1454 | D:1      | Gained mutation: Your system is resistant to poisons.
                  | (rPois) [Xom's grace]
  1454 | D:1      | Gained mutation: You have hidden genetic potential. [Xom's
                  | grace]
  1454 | D:1      | Gained mutation: You have great hidden genetic potential.
                  | [Xom's grace]
  1454 | D:1      | Gained mutation: You are agile. (Dex +4, Str/Int -1) [Xom's
                  | grace]
  1856 | D:1      | XOM: cloud trail
  1920 | D:1      | XOM: summons 1 hostile shadow creature
  2022 | D:1      | XOM: god gift: falchion {god gift}
  2416 | D:1      | XOM: scenery: create altars
  2686 | D:1      | XOM: give mutation
  2686 | D:1      | Gained mutation: Your mind is acute. (Int +4, Str/Dex -1)
                  | [Xom's mischief]
  3166 | D:1      | XOM: give mutation
  3166 | D:1      | Gained mutation: You possess an exceptional clarity of
                  | mind. [Xom's grace]
  3399 | D:1      | XOM: god gift: 30 gold pieces
  3649 | D:1      | XOM: scenery: create altars
  3665 | D:1      | XOM: give mutations
  3665 | D:1      | Gained mutation: Your muscles are strong. (Str +4, Int/Dex
                  | -1) [Xom's grace]
  3665 | D:1      | Gained mutation: You are covered in fur. (AC +1) [Xom's
                  | grace]
  3665 | D:1      | Gained mutation: You are partially covered in iridescent
                  | scales. (AC +2) [Xom's grace]
  3665 | D:1      | Gained mutation: Your flesh is heat resistant. (rF+) [Xom's
                  | grace]
  3749 | D:1      | XOM: god gift: phantom mirror
  4037 | D:2      | Reached XP level 4. HP: 31/31 MP: 4/4
  4053 | D:2      | You fall into a shaft and drop 1 floor!
  4120 | D:2      | Noticed Robin
  4140 | D:2      | Reached skill level 2 in Stealth
  4146 | D:2      | Killed Robin
  4391 | D:2      | Noticed Sigmund
  4406 | D:2      | Killed Sigmund
  4407 | D:2      | Reached skill level 4 in Stealth
  4407 | D:2      | Reached XP level 5. HP: 23/37 MP: 5/5
  4407 | D:2      | Reached XP level 6. HP: 27/43 MP: 6/6
  4560 | D:2      | Found a runed translucent door.
  4561 | D:2      | Noticed Crazy Yiuf
  4575 | D:2      | XOM: divination: detect items
  4584 | D:2      | XOM: divination: detect items
  5010 | D:2      | XOM: noise
  5016 | D:2      | Killed Crazy Yiuf
  5370 | D:3      | Found a faded altar of an unknown god.
  5370 | D:3      | XOM: 3-stop teleportation journey
  5597 | D:3      | XOM: noise
  5662 | D:3      | XOM: 1-stop teleportation journey
  5733 | D:3      | XOM: silly message
  5745 | D:3      | Identified the +0 leather armour of the Learner {rF+ Dex+2}
  5788 | D:3      | Reached skill level 5 in Stealth
  6057 | D:4      | Reached skill level 1 in Evocations
  6057 | D:4      | Reached XP level 7. HP: 42/49 MP: 7/7
  6083 | D:4      | Gained mutation: You are mostly covered in iridescent
                  | scales. (AC +4) [hidden potential]
  6085 | D:4      | Reached skill level 5 in Short Blades
  6085 | D:4      | Reached skill level 1 in Shapeshifting
  6483 | D:5      | Entered Level 5 of the Dungeon
  6497 | D:5      | Found a staircase to the Ecumenical Temple.
  6516 | D:5      | Noticed Blork the orc
  6525 | D:5      | XOM: potion effect (invisibility)
  6590 | D:4      | XOM: divination: detect items
  6594 | D:5      | XOM: potion effect (haste)
  6672 | D:5      | XOM: draining
  6723 | D:5      | XOM: torment (22/42 hp)
  6753 | D:5      | Killed Blork the orc
  6754 | D:5      | Reached skill level 6 in Stealth
  6754 | D:5      | Reached XP level 8. HP: 33/50 MP: 8/8
  6812 | D:5      | XOM: give mutations
  6812 | D:5      | Lost mutation: You are agile. (Dex +4, Str/Int -1) [Xom's
                  | mischief]
  6812 | D:5      | Lost mutation: You possess an exceptional clarity of mind.
                  | [Xom's mischief]
  6819 | D:5      | XOM: polymorph hound -> bullfrog
  6822 | D:5      | XOM: summons 1 hostile demon
  6844 | D:5      | Gained mutation: One of your tentacles bears a spike.
                  | [hidden potential]
  6844 | D:5      | Lost mutation: You have great hidden genetic potential.
                  | [hidden potential expressed]
  7048 | D:5      | Noticed a moth of wrath
  7051 | D:5      | Found a bloodstained altar of Trog.
  7053 | D:5      | XOM: noise
  7062 | D:5      | XOM: draining
  7068 | D:5      | XOM: confuse monster(s)
  7111 | D:5      | Killed a moth of wrath
  7112 | D:5      | Reached skill level 5 in Fighting
  7159 | D:5      | XOM: silly message
  7287 | D:5      | XOM: silly message
  7311 | D:5      | Reached skill level 7 in Stealth
  7331 | D:5      | Reached XP level 9. HP: 49/61 MP: 9/9
  7333 | D:5      | XOM: divination: detect items
  7355 | D:5      | Gained mutation: You have great hidden genetic potential.
                  | [hidden potential]
  7389 | D:5      | Identified the +5 spear "Henoihim" {venom, rF+ Str+2
                  | Stlth+}
  7448 | D:5      | XOM: divination: detect creatures
  7570 | D:5      | Learned a level 2 spell: Passwall
  7600 | D:6      | XOM: silly message
  7701 | D:6      | Reached skill level 1 in Transmutations
  7787 | D:6      | Reached skill level 5 in Dodging
  7787 | D:6      | Reached skill level 1 in Earth Magic
  7807 | D:6      | XOM: divination: magic mapping
  7877 | D:6      | XOM: silly message
  7900 | D:6      | a hound changed into a glowing shapeshifter
  7900 | D:6      | Noticed a glowing shapeshifter (glowing shapeshifter)
  7900 | D:6      | a glowing shapeshifter changed into an orb spider
  7900 | D:6      | Noticed an orb spider (glowing shapeshifter)
  7903 | D:6      | an orb spider changed into a dream sheep
  8119 | D:6      | Reached skill level 8 in Stealth
  8456 | D:7      | Found a shimmering altar of Xom.
  8479 | D:7      | Reached skill level 5 in Evocations
  8769 | D:7      | Reached XP level 10. HP: 66/66 MP: 10/10
  8885 | D:7      | Gained mutation: You are covered in thick fur. (AC +2)
                  | [hidden potential]
  8885 | D:7      | Lost mutation: You have great hidden genetic potential.
                  | [hidden potential expressed]
  9154 | D:7      | XOM: divination: detect creatures
  9252 | D:7      | Identified a scroll of acquirement
  9252 | D:7      | Acquired the +3 quick blade of Xinynn {venom, Will+}
  9307 | D:8      | XOM: divination: detect items
  9373 | D:8      | XOM: divination: detect items
  9393 | D:8      | Noticed Grum
  9406 | D:8      | Killed Grum
  9505 | D:8      | Found a runed translucent gate.
  9505 | D:8      | Found a runed translucent gate.
  9505 | D:8      | Noticed Stellion's ghost (novice DECj)
  9506 | D:8      | Found a runed translucent gate.
  9580 | D:8      | XOM: god gift: dented golden amulet {god gift}
  9677 | D:8      | Reached skill level 9 in Stealth
  9746 | D:8      | Identified the +0 helmet "Heawnefe" {rPois Will+}
  9764 | D:8      | Found Utzif's Weapon Shoppe.
  9806 | D:8      | XOM: give mutations
  9806 | D:8      | Gained mutation: You expend magic power (3 MP) to
                  | strengthen your wands. [Xom's grace]
  9806 | D:8      | Gained mutation: You passively map a small area around you.
                  | [Xom's grace]
  9806 | D:8      | Gained mutation: Your flesh is cold resistant. (rC+) [Xom's
                  | grace]
  9864 | D:8      | XOM: god gift: scroll labelled GOURGH VINKAMECH {god gift}
  9964 | D:8      | XOM: give mutations
  9964 | D:8      | Lost mutation: Your flesh is heat resistant. (rF+) [Xom's
                  | mischief]
  9964 | D:8      | Lost mutation: One of your tentacles bears a spike. [Xom's
                  | mischief]
  9988 | D:8      | XOM: give mutation
  9988 | D:8      | Lost mutation: Your flesh is cold resistant. (rC+) [Xom's
                  | mischief]
 10078 | D:8      | XOM: summons friendly quasit
 10084 | D:8      | Killed Stellion's ghost
 10085 | D:8      | Reached skill level 5 in Shapeshifting
 10141 | D:8      | XOM: give mutations
 10141 | D:8      | Lost mutation: Your system is resistant to poisons. (rPois)
                  | [Xom's mischief]
 10141 | D:8      | Gained mutation: You are strong-willed. (Will+) [Xom's
                  | mischief]
 10141 | D:8      | Gained mutation: You are vulnerable to cold. (rC-) [Xom's
                  | mischief]
 10141 | D:8      | Lost mutation: You are covered in thick fur. (AC +2) [Xom's
                  | mischief]
 10268 | D:9      | Noticed a cyclops
 10277 | D:9      | Killed a cyclops
 10467 | D:9      | Found an ancient bone altar of Kikubaaqudgha.
 10565 | D:9      | XOM: chaos upgrade
 10573 | D:9      | XOM: cast spell 'Monstrous Menagerie'
 10748 | D:9      | Reached XP level 11. HP: 72/72 MP: 11/11
 10753 | D:9      | Reached skill level 10 in Stealth
 10835 | D:9      | Gained mutation: Your mind is very acute. (Int +8, Str/Dex
                  | -2) [hidden potential]
 11107 | D:10     | Entered Level 10 of the Dungeon
 11223 | D:10     | Noticed Snorg
 11246 | D:10     | Reached skill level 5 in Earth Magic
 11345 | D:10     | XOM: 2-stop teleportation journey
 11346 | D:10     | Noticed Fannar
 11359 | D:10     | Killed Fannar
 11372 | D:10     | Found an ornate altar of the Wu Jian Council.
 11456 | D:10     | Reached skill level 11 in Stealth
 11687 | D:10     | Noticed Joseph
 11694 | D:10     | Killed Joseph
 11730 | D:10     | HP: 3/72 [Snorg (3)]
 11730 | D:10     | Slain by Snorg

Illustrated notes

Levels and vault maps discovered:
D:1:      ncdulo_halloftheorcs, layout_basic
D:2:      layout_basic, nicolae_hexahallways, uniq_robin, uniq_sigmund,
          uniq_crazy_yiuf_cottage
D:3:      layout_basic, ebering_ecumenical_altar_mist
D:4:      layout_rooms
D:5:      layout_gridville, tgw_trog, minmay_temple_entry_junction_2,
          minmay_fractal_squares_diagonal_5, uniq_blork_the_orc
D:6:      layout_loops_ring, kennysheep_generic_room_8
D:7:      layout_basic, mainiacjoe_overflow_alcove_1, due_unseen_surprise
D:8:      nicolae_cairo_tiling_large_dashed, layout_cave_pools,
          gammafunk_ghost_split, serial_shops, shop, corexii_hall_statues_l,
          kennysheep_generic_room_9, uniq_grum
D:9:      layout_basic, old_standard_altar, skrybe_limestone_x
D:10:     minmay_evil_eye, layout_irregular_city, nicolae_wu_jian_wuxing_cycle,
          grunt_lair_entry_orc_guard_hut, serial_shops, nicolae_shop_crystal,
          nicolae_underground_beach, uniq_joseph, uniq_snorg, uniq_fannar

Skill      XL: |  1  2  3  4  5  6  7  8  9 10 11 |
---------------+----------------------------------+-----
Stealth        | 1 4 5 6 7 8 9 11 | 11.3
Fighting       | 4 5 6 |  6.0
Short Blades   | 4 5 6 7 8 |  8.3
Dodging        | 3 4 5 6 |  6.0
Evocations     | 1 2 4 5 6 7 |  7.1
Shapeshifting  | 2 3 4 5 |  5.6
Transmutations | 2 4 |  4.6
Earth Magic    | 2 4 5 |  5.4
Shields        | |  0.3

Action                     |  1- 3 |  4- 6 |  7- 9 | 10-12 || total
---------------------------+-------+-------+-------+-------++-------
  Melee: Short sword       |    66 |    97 |   250 |    11 ||   424
         Constrict         |    15 |    20 |    52 |    34 ||   121
         Tentacles         |    14 |    15 |    52 |    86 ||   167
         Punch             |       |       |     5 |     2 ||     7
         Kick              |       |       |    61 |    29 ||    90
         Quick blade       |       |       |       |   294 ||   294
  Evoke: Wand              |       |       |     1 |       ||     1
    Use: Potion            |     1 |       |       |     4 ||     5
         Scroll            |       |       |     6 |     3 ||     9
   Stab: Sleeping          |     6 |    10 |    15 |    29 ||    60
         Confused          |       |       |     3 |       ||     3
         Distracted        |       |       |     2 |       ||     2
         Paralysed         |       |       |       |     1 ||     1
         Invisible         |       |       |       |     1 ||     1
 Armour: Skin              |    28 |    39 |   112 |    81 ||   260
  Dodge: Dodged            |    35 |    58 |   113 |    89 ||   295
  Block: Buckler           |       |       |       |    21 ||    21
   Form: Beast             |       |     1 |       |       ||     1

Table legend: (Time is in decaauts)
 A = Elapsed time spent in this place.
 B = Non-inter-level travel time spent in this place.
 C = Inter-level travel time spent in this place.
 D = Time resting spent in this place.
 E = Time spent auto-exploring this place.
 F = Levels seen in this place.
 G = Mean time per level.
                   A        B        C        D        E       F      G
               +--------+--------+--------+--------+--------+-----+--------+
         Total |  11565 |  11223 |    342 |   3618 |   6062 |  10 | 1156.5 |
       Dungeon |  11565 |  11223 |    342 |   3618 |   6062 |  10 | 1156.5 |
               +--------+--------+--------+--------+--------+-----+--------+

Top non-repeatable levels by time:
     D:1: 3744 daAuts
     D:2: 1523 daAuts
     D:5: 1018 daAuts
     D:9: 919 daAuts
     D:8: 903 daAuts
     D:7: 902 daAuts
     D:6: 739 daAuts
     D:3: 727 daAuts
    D:10: 594 daAuts
     D:4: 493 daAuts
